 Dungeon Crawl Stone Soup version 0.30-a0-7-g94fe547ab8 (webtiles) character file.

Game seed: 13267299829938706918

392 Plasmagod the Chopper (level 6, -1/37 HPs)
             Began as a Gargoyle Fighter on Aug 23, 2022.
             Slain by Edmund
             ... wielding a +2 dire flail of protection
              (2 damage)
             ... on level 4 of the Dungeon.
             The game lasted 00:03:10 (3547 turns).

Plasmagod the Chopper (Gargoyle Fighter)            Turns: 3547, Time: 00:03:10

Health: -1/37      AC: 11    Str: 22    XL:     6   Next: 80%
Magic:  6/6        EV:  9    Int:  8    God:
Gold:   195        SH:  4    Dex:  9    Spells: 5/5 levels left

rFire   . . .      SeeInvis .    a - +0 war axe
rCold   . . .      Faith    .    c - +0 buckler
rNeg    + . .      Spirit   .    b - +0 scale mail
rPois   ∞          Reflect  .    (no helmet)
rElec   +          Harm     .    (no cloak)
rCorr   .          Rampage  .    (no gloves)
Will    .....                    (no boots)
Stlth   ..........               (no amulet)
HPRegen 0.12/turn                (no ring)
MPRegen 0.10/turn                (no ring)

@: mighty
A: sickness immunity, AC +4, negative energy resistance 1, electricity
resistance, torment resistance 1, petrification resistance
a: no special abilities


You were on level 4 of the Dungeon.
You visited 1 branch of the dungeon, and saw 4 of its levels.

You collected 195 gold pieces.

Inventory:

Hand Weapons
 a - a +0 war axe (weapon)
Armour
 b - a +0 scale mail (worn)
 c - a +0 buckler (worn)
Jewellery
 x - a +6 ring of strength
Wands
 o - a wand of quicksilver (13)
Scrolls
 e - 5 scrolls of identify {unknown}
 f - a scroll of silence {unknown}
 j - a scroll of blinking {unknown}
 k - a scroll of immolation {unknown}
 n - a scroll of poison {unknown}
 p - a scroll of amnesia {unknown}
 q - a scroll of brand weapon {unknown}
 r - a scroll of magic mapping {unknown}
 u - 2 scrolls of enchant weapon {unknown}
 w - a scroll of teleportation {unknown}
 y - a scroll of fog {unknown}
Potions
 d - a potion of might
 g - 2 potions of mutation {unknown}
 h - 3 potions of flight {unknown}
 i - a potion of curing {unknown}
 l - 2 potions of ambrosia {unknown}
 m - a potion of invisibility {unknown}
 s - 3 potions of berserk rage {unknown}
 t - a potion of attraction {unknown}
 v - a potion of heal wounds {unknown}


   Skills:
 - Level 3.2 Fighting
 + Level 6.4 Axes
 - Level 3.2 Armour
 - Level 3.2 Shields


You had 5 spell levels left.
You didn't know any spells.
Your spell library contained the following spells:

 Spells                   Type           Power      Damage    Failure   Level
 Apportation              Tloc           0%         N/A       83%         1
 Necrotise                Necr           0%         1d4       83%         1
 Sandblast                Erth           0%         2d4       83%         1
 Summon Small Mammal      Summ           0%         N/A       83%         1
 Blink                    Tloc           0%         N/A       92%         2
 Passwall                 Tmut/Erth      0%         N/A       92%         2
 Lesser Beckoning         Tloc           0%         N/A       99%         3
 Stone Arrow              Conj/Erth      0%         3d7       99%         3
 Fireball                 Conj/Fire      0%         3d3       100%        5
 Iskenderun's Battlesphe  Conj           0%         2d6       100%        5
 Manifold Assault         Tloc           0%         N/A       100%        5
 Conjure Ball Lightning   Conj/Air       0%         3x3d6     100%        6
 Orb of Destruction       Conj           0%         9d5       100%        7


Dungeon Overview and Level Annotations

Branches:
Dungeon (4/15)
 Temple: D:4-7

Altars:
Qazlal

Shops:
D:3 :

Annotations:
D:4 Edmund


Innate Abilities, Weirdness & Mutations

You are immune to sickness and miasma.
Your stone body is resilient. (AC +4)
You are immune to poison.
You resist negative energy. (rN+)
You are resistant to electric shocks. (rElec)
You are resistant to unholy torment.
You are immune to petrification.


Message History

The scorpion barely misses you.
You hit Edmund.
Edmund is moderately wounded.
You closely miss the scorpion.
Edmund hits you with a +2 dire flail of protection.
The scorpion stings you but does no damage.
You slash Edmund!
Edmund is heavily wounded.
You slash the scorpion!
You kill the scorpion!
Edmund closely misses you. You block Edmund's attack.
You barely miss Edmund.
Edmund is heavily wounded.
Edmund barely misses you.
You hit Edmund.
Edmund is heavily wounded.
Edmund barely misses you.
You barely miss Edmund.
Edmund is heavily wounded.
Edmund hits you but does no damage.
You slash Edmund!
Edmund is severely wounded.
Edmund hits you with a +2 dire flail of protection.
* * * LOW HITPOINT WARNING * * *
Edmund barely misses you.
You hit Edmund.
Edmund is severely wounded.
Edmund hits you with a +2 dire flail of protection.
* * * LOW HITPOINT WARNING * * *
You barely miss Edmund.
Edmund is severely wounded.
Edmund hits you with a +2 dire flail of protection!
* * * LOW HITPOINT WARNING * * *
You barely miss Edmund.
Edmund is severely wounded.
You block Edmund's attack.
You closely miss Edmund.
Edmund is severely wounded.
Edmund hits you with a +2 dire flail of protection.
You die...

#..### ### .... ##
##.########.# #.#####
..#....)....#####.......
.###.####........(...#..
#.#.## #.##...........#
##.## #..............#
#...# #..#.#...)....#
##..# #..#.#..@@...#
#..# #.......#.......
#..# ##....<###......
#..# ###.### ...... #...
#.# .!... #©.. ..# .....
)#.... ## .... ....


You could see Edmund.

Vanquished Creatures
  Sigmund (D:4)
  A scorpion (D:4)
  An orc priest (D:4)
  Terence (D:2)
  Robin (D:3)
  3 adders
  A worm (D:2)
  3 dart slugs
  4 orcs
  2 bats
  2 endoplasms
  4 giant cockroaches
  14 goblins
  8 hobgoblins
  A jackal (D:4)
  4 quokkas (D:2)
  3 ball pythons
  3 frilled lizards
  7 kobolds
  3 rats
67 creatures vanquished.

Notes
Turn   | Place    | Note
-------+----------+-------------------------------------------
     0 | D:1      | Plasmagod the Gargoyle Fighter began the quest for the Orb.
     0 | D:1      | Reached XP level 1. HP: 14/14 MP: 1/1
   111 | D:1      | Reached skill level 2 in Axes
   249 | D:1      | Reached XP level 2. HP: 16/19 MP: 2/2
   968 | D:2      | Reached skill level 3 in Axes
  1051 | D:2      | Reached XP level 3. HP: 23/23 MP: 3/3
  1179 | D:2      | Noticed Terence
  1185 | D:2      | Killed Terence
  1186 | D:2      | Reached XP level 4. HP: 7/28 MP: 4/4
  1550 | D:2      | Reached skill level 4 in Axes
  1895 | D:2      | Found a stormy altar of Qazlal.
  2044 | D:3      | Found a faded altar of an unknown god.
  2152 | D:3      | Noticed Robin
  2161 | D:3      | Reached XP level 5. HP: 8/32 MP: 5/5
  2162 | D:3      | Killed Robin
  2646 | D:3      | Found Ulygh's Vocational Training.
  3178 | D:4      | Reached skill level 5 in Axes
  3419 | D:4      | Noticed Sigmund
  3528 | D:4      | Noticed Edmund
  3534 | D:4      | Killed Sigmund
  3535 | D:4      | Reached skill level 6 in Axes
  3535 | D:4      | Reached XP level 6. HP: 35/37 MP: 6/6
  3545 | D:4      | HP: 1/37 [Edmund/+2 dire flail of protection (9)]
  3547 | D:4      | Slain by Edmund

Illustrated notes

Levels and vault maps discovered:
D:1:      scummos_arrival_simple_crosswalls, layout_basic
D:2:      layout_loops_ring, basic_altar, uniq_terence
D:3:      minmay_door_path, layout_basic, hellmonk_ecumenical_altar_run_dry,
          minmay_misc_feat_alley, nicolae_shop_vocational, uniq_robin
D:4:      gammafunk_cloud_chamber, layout_loops_cross,
          nicolae_wu_jian_wuxing_cycle, uniq_edmund, uniq_pikel,
          uniq_crazy_yiuf_cottage, uniq_sigmund

Skill      XL: |  1  2  3  4  5 |
---------------+----------------+-----
Axes           | 2 3 4 6 |  6.4
Fighting       | |  3.2
Armour         | |  3.2
Shields        | |  3.2

Action                   |  1- 3 |  4- 6 || total
-------------------------+-------+-------++-------
Melee: War axe           |    87 |   154 ||   241
  Use: Potion            |       |     1 ||     1
Armor: Scale mail        |    54 |    87 ||   141
Dodge: Dodged            |    37 |    78 ||   115
Block: Buckler           |    13 |    29 ||    42

Table legend: (Time is in decaauts)
 A = Elapsed time spent in this place.
 B = Non-inter-level travel time spent in this place.
 C = Inter-level travel time spent in this place.
 D = Time resting spent in this place.
 E = Time spent auto-exploring this place.
 F = Levels seen in this place.
 G = Mean time per level.
                   A        B        C        D        E       F      G
               +--------+--------+--------+--------+--------+-----+--------+
         Total |   3629 |   3563 |     66 |    100 |   2939 |   4 |  907.2 |
       Dungeon |   3629 |   3563 |     66 |    100 |   2939 |   4 |  907.2 |
               +--------+--------+--------+--------+--------+-----+--------+

Top non-repeatable levels by time:
     D:3: 1260 daAuts
     D:2: 1061 daAuts
     D:1: 983 daAuts
     D:4: 323 daAuts
